AoeStats
← DonCamillo

Arena

510142247Analyzed
3v3 RM · 2d ago on Sep 29, 2026· 49m 14s· 6 players
Game mode
Random Map
Map size
Normal (6 player)
Population
200
Speed
Normal
Resources
Standard
Victory
Conquest
Starting age
Dark Age
Ending age
Imperial Age
RankedLock teamsTeams togetherTeam positionsShared explorationLock speedFull tech treeHidden civsTurbo modeCheats
Victory
Defeat
🇩🇪 Italians · Germany
1147
+12
🇩🇪 Wei · Germany
1035
+16
🇩🇪 Bohemians · Germany
978
+19
🇩🇪 Lithuanians · Germany
1079
-17
🇬🇧 Britons · United Kingdom
1040
-15
🇩🇪 Teutons · Germany
1022
-15
i aM Dixon x
5:27 Loom
11:54 Feudal Age
16:48 Castle Age
14:59 Double-Bit Axe
15:56 Stone Mining
16:14 Horse Collar
18:14 Wheelbarrow
19:07 Heavy Plow
19:21 Bow Saw
23:27 Fletching
26:25 Padded Archer Armor
26:38 Murder Holes
26:43 Town Watch
27:29 Bodkin Arrow
28:23 Leather Archer Armor
28:41 Masonry
29:43 Town Patrol
30:06 Fortified Wall
30:11 Gold Mining
34:00 Imperial Age
32:23 Forging
32:14 Scale Mail Armor
32:36 Hand Cart
33:27 Ballistics
33:14 Squires
32:59 Gambesons
33:01 Arson
33:35 Pikeman
34:45 Chain Mail Armor
35:06 Iron Casting
35:54 Chemistry
36:25 Bracer
36:56 Ring Archer Armor
38:34 Blast Furnace
38:05 Plate Mail Armor
38:18 Conscription
37:51 Elite Longbowman
40:25 Yeomen
40:15 Halberdier
40:36 Cranequins
45:16 Hoardings
Dr. D
0:40 Loom
10:41 Feudal Age
15:28 Castle Age
16:54 Forging
16:51 Scale Barding Armor
20:07 Town Watch
26:25 Husbandry
25:45 Light Cavalry
26:36 Bloodlines
29:01 Bloodlines
31:16 Chain Barding Armor
31:32 Iron Casting
31:36 Wheelbarrow
31:35 Town Patrol
31:38 Horse Collar
32:24 Gold Mining
33:16 Hand Cart
37:26 Imperial Age
36:25 Heavy Plow
37:39 Cavalier
39:45 Plate Barding Armor
39:25 Paladin
45:01 Fletching
45:12 Scale Mail Armor
45:12 Padded Archer Armor
47:48 Crop Rotation
DonCamillo
4:00 Loom
11:36 Feudal Age
13:49 Fletching
22:24 Castle Age
20:07 Horse Collar
20:20 Double-Bit Axe
23:36 Bodkin Arrow
30:54 Imperial Age
33:00 Chemistry
32:04 Padded Archer Armor
32:05 Scale Mail Armor
31:45 Man-at-Arms
32:11 Gambesons
33:41 Elite Skirmisher
35:40 Pikeman
47:47 Leather Archer Armor
47:48 Chain Mail Armor
47:44 Forging
You_can't_see_me
11:20 Feudal Age
12:16 Town Watch
15:11 Castle Age
14:54 Padded Archer Armor
14:44 Fletching
15:14 Loom
20:22 Double-Bit Axe
20:19 Horse Collar
26:23 Bow Saw
33:06 Imperial Age
31:14 Wheelbarrow
31:36 Bodkin Arrow
32:09 Masonry
32:11 Fortified Wall
32:16 Masonry
32:13 Stone Mining
32:54 Leather Archer Armor
33:46 Stone Shaft Mining
33:01 Gold Mining
33:09 Gold Mining
34:16 Conscription
34:27 Ring Archer Armor
33:57 Bracer
35:19 Chemistry
37:16 Ballistics
36:51 Elite Genoese Crossbowman
41:56 Scale Barding Armor
41:51 Bracer
41:43 Light Cavalry
42:33 Bloodlines
42:45 Hussar
48:49 Husbandry
Awkward Conversation
9:22 Loom
11:26 Feudal Age
13:21 Double-Bit Axe
13:20 Horse Collar
16:28 Castle Age
15:19 Stone Mining
15:42 Scale Barding Armor
15:52 Gold Mining
16:44 Forging
17:27 Bow Saw
20:40 Wheelbarrow
22:15 Heavy Plow
24:25 Gold Shaft Mining
24:25 Stone Shaft Mining
26:57 Husbandry
33:01 Imperial Age
31:34 Bloodlines
32:57 Iron Casting
32:45 Chain Barding Armor
32:16 Fletching
32:30 Squires
33:23 Tuntian
33:31 Murder Holes
33:57 Ballistics
34:51 Iron Casting
35:26 Hand Cart
35:54 Conscription
36:08 Bodkin Arrow
37:13 Blast Furnace
37:24 Chemistry
38:02 Ming Guang Armor
39:06 Elite Tiger Cavalry
49:49 Parthian Tactics
49:30 Thumb Ring
stoibech
11:30 Feudal Age
13:02 Horse Collar
13:11 Double-Bit Axe
18:31 Castle Age
16:18 Loom
18:08 Loom
18:41 Forging
19:16 Loom
18:56 Pikeman
23:52 Heavy Plow
24:05 Bow Saw
27:05 Wheelbarrow
30:22 Imperial Age
29:32 Town Watch
31:38 Hand Cart
32:27 Chemistry
31:45 Halberdier
37:21 Squires
37:59 Iron Casting
37:15 Fletching
37:25 Padded Archer Armor
37:26 Scale Mail Armor
41:52 Arson
43:13 Blast Furnace
42:29 Chain Mail Armor
45:28 Plate Mail Armor
Connection lost

Rejoining the realm…

Still unreachable

The connection could not be restored.

Session expired

The server has moved on; the page needs a fresh start.